 Dungeon Crawl Stone Soup version 0.23.2-40-g277498a001 (webtiles) character file.

Game seed: 9174107598729163435

10691 Frank2 the Cleaver (level 11, -15/89 HPs)
             Began as a Demigod Gladiator on Sept 11, 2019.
             Demolished by an orc warrior
             ... wielding a +0 dire flail
              (21 damage)
             ... on level 2 of the Orcish Mines.
             The game lasted 00:24:19 (11054 turns).

Frank2 the Cleaver (Demigod Gladiator)             Turns: 11054, Time: 00:24:19

Health: -15/89     AC: 15    Str: 17    XL:     11   Next: 17%
Magic:  19/19      EV: 15    Int: 12    God:
Gold:   475        SH:  0    Dex: 23    Spells: 10/10 levels left

rFire    + . .     SeeInvis .   w - +1 battleaxe (chop)
rCold    + + .     Gourm    .   (shield currently unavailable)
rNeg     + + .     Faith    .   D - +2 ring mail {rF+}
rPois    .         Spirit   .   c - +0 helmet
rElec    .         Reflect  .   a - +2 cloak {MR+}
rCorr    .         Harm     .   g - +0 pair of gloves
MR       ++...                  j - +0 pair of boots
Stlth    +.........             (no amulet)
HPRegen  0.24/turn              m - ring "Fosiusiek" {Wiz rC++ rN+}
MPRegen  0.16/turn              s - ring of positive energy

@: no status effects
A: high mp 1
a: no special abilities


You were on level 2 of the Orcish Mines.
You were very hungry.

You visited 2 branches of the dungeon, and saw 13 of its levels.

You collected 643 gold pieces.
You spent 168 gold pieces at shops.

Inventory:

Hand Weapons
 w - a +1 battleaxe of chopping (weapon)
Armour
 a - a +2 cloak of magic resistance (worn)
 c - a +0 helmet (worn)
 g - a +0 pair of gloves (worn)
 j - a +0 pair of boots (worn)
 D - a +2 ring mail of fire resistance (worn)
Jewellery
 b - an uncursed ring of protection from cold
 m - the ring "Fosiusiek" (left hand) {Wiz rC++ rN+}
   (You found it on level 5 of the Dungeon)

   [ring of wizardry]

   It improves your spell success rate.
   It greatly protects you from cold.
   It protects you from negative energy.
 p - an uncursed ring of ice
 r - an uncursed ring of ice
 s - a ring of positive energy (right hand)
 v - an uncursed ring of protection from cold
 y - a cursed ring of positive energy
Wands
 d - a wand of flame (16)
 n - a wand of scattershot (1)
 t - a wand of clouds (2)
 u - a wand of iceblast (3)
 F - a wand of disintegration (8)
Scrolls
 e - 2 scrolls of magic mapping
 l - 3 scrolls of teleportation
 x - 7 scrolls of remove curse
 E - a scroll of identify
Potions
 i - 2 potions of haste
 o - a potion of flight
 A - a potion of brilliance
 C - a potion of lignification {unknown}
Comestibles
 f - 16 rations


   Skills:
 + Level 6.2 Fighting
 + Level 11.2 Axes
 - Level 1.7 Throwing
 * Level 7.3 Armour
 + Level 5.3 Dodging
 * Level 6.4 Evocations


You had 10 spell levels left.
You didn't know any spells.
Your spell library contained the following spells:

 Spells                   Type           Power        Failure   Level  Hunger
 Beastly Appendage        Tmut           #.....       22%         1    ##.....
 Corona                   Hex            #......      22%         1    ##.....
 Magic Dart               Conj           #...         22%         1    ##.....
 Summon Butterflies       Summ           #.......     22%         1    ##.....
 Blink                    Tloc           N/A          32%         2    ###....
 Call Imp                 Summ           #.......     32%         2    ###....
 Ensorcelled Hibernation  Hex/Ice        #.....       32%         2    ###....
 Slow                     Hex            #.......     32%         2    ###....
 Sticks to Snakes         Tmut           #.......     32%         2    ###....
 Call Canine Familiar     Summ           #.......     52%         3    ####...
 Confuse                  Hex            #.......     52%         3    ####...
 Conjure Flame            Conj/Fire      #.......     52%         3    ####...
 Dazzling Spray           Conj/Hex       #.....       52%         3    ####...
 Inner Flame              Hex/Fire       #.......     52%         3    ####...
 Mephitic Cloud           Conj/Pois/Air  #.......     52%         3    ####...
 Portal Projectile        Hex/Tloc       #.....       52%         3    ####...
 Spider Form              Tmut/Pois      #.........   52%         3    ####...
 Static Discharge         Conj/Air       #.......     52%         3    ####...
 Tukima's Dance           Hex            #.......     52%         3    ####...
 Cause Fear               Hex            #.........   89%         4    #####..
 Ice Form                 Ice/Tmut       #.......     89%         4    #####..
 Leda's Liquefaction      Hex/Erth       #.........   89%         4    #####..
 Summon Ice Beast         Ice/Summ       #.......     89%         4    #####..
 Blade Hands              Tmut           #.........   99%         5    ######.
 Lightning Bolt           Conj/Air       #.........   99%         5    ######.
 Summon Mana Viper        Hex/Summ       #.......     99%         5    ######.
 Summon Hydra             Summ           #.........   100%        7    #######
 Ignition                 Fire           #.........   100%        8    #######
 Shatter                  Erth           #.........   100%        9    #######
 Tornado                  Air            #.........   100%        9    #######


Dungeon Overview and Level Annotations

Branches:
Dungeon (11/15)            Temple (0/1) D:5             Orc (2/2) D:10
   Lair: D:8-11         Elf: Orc:2

Shops:
D:10 [

Annotations:
D:9 2 runed translucent doors


Innate Abilities, Weirdness & Mutations

You have an increased reservoir of magic. (+10% MP)


Message History

The orc wizard is lightly wounded.
You hit the orc warrior.
The orc wizard hits you but does no damage.
You are poisoned.
The orc wizard barely misses you.
The orc warrior hits you from afar with a +0 trident.
* * * LOW HITPOINT WARNING * * *
The orc warrior hits you with a +0 dire flail!
* * * LOW HITPOINT WARNING * * *
You slash the orc wizard!
You kill the orc wizard!
You hit the orc warrior but do no damage.
* * * LOW HITPOINT WARNING * * *
You feel sick. The orc warrior barely misses you.
The orc warrior hits you but does no damage.
You feel better.
The orc warrior hits you from afar with a +0 trident.
* * * LOW HITPOINT WARNING * * *
The orc warrior hits you with a +0 dire flail!!
You die...

..# ..# .. ..###
###.... ....## #
#...... .....##
#.#.....###
.......
#........###.....#
#$.......#@o.#
#....$...)$.#
#....o....#
##.....##.#
#.....# ## ##....#
# .#.....######..
........$......
...............


You could see 2 orc warriors.

Vanquished Creatures
  Fannar (D:10)
  Josephine (D:10)
  2 two-headed ogres
  A troll (D:10)
  2 hippogriffs (D:9)
  A spriggan (D:7)
  6 yaks (D:11)
  Sigmund (D:4)
  4 wraiths (D:10)
  Menkaure (D:4)
  2 water moccasins
  Duvessa (D:4)
  A black bear (D:10)
  6 orc warriors
  4 phantoms
  2 sky beasts
  An eye of draining (D:10)
  An ice beast (D:9)
  8 ogres
  4 centaurs
  2 big kobolds
  Blork the orc (D:4)
  A wyvern zombie (D:10)
  3 bullfrogs
  Dowan (D:4)
  A troll zombie (D:10)
  A scorpion (D:10)
  A wyvern skeleton (D:9)
  A howler monkey (D:8)
  8 wights
  3 crimson imps
  5 hounds
  A quasit (D:8)
  2 bullfrog skeletons
  8 orc priests
  6 jellies
  Crazy Yiuf (D:7)
  Jessica (D:3)
  Ijyb (D:3)
  2 iguanas
  12 orc wizards
  4 worker ants
  A killer bee zombie (D:8)
  5 ogre zombies (D:10)
  3 hound skeletons
  Robin (D:3)
  4 gnolls
  15 adders
  A shadow imp (D:10)
  An ooze (D:1)
  3 worms
  4 dart slugs
  A leopard gecko (D:1)
  59 orcs
  3 ball pythons
  3 giant cockroaches
  18 goblins
  24 hobgoblins
  4 jackals
  5 quokkas
  5 bats
  4 frilled lizards
  A goblin skeleton (D:10)
  A hobgoblin skeleton (D:10)
  3 hobgoblin zombies (D:10)
  A jackal skeleton (D:4)
  13 kobolds
  3 orc skeletons (D:10)
  11 orc zombies (D:10)
  2 quokka skeletons
  5 rats
320 creatures vanquished.

Vanquished Creatures (others)
  An orc (Orc:1)
1 creature vanquished.

Grand Total: 321 creatures vanquished

Notes
Turn   | Place    | Note
-------+----------+-------------------------------------------
     0 | D:1      | Frank2 the Demigod Gladiator began the quest for the Orb.
     0 | D:1      | Reached XP level 1. HP: 17/17 MP: 3/3
   217 | D:1      | Reached skill level 3 in Axes
   217 | D:1      | Reached XP level 2. HP: 18/24 MP: 4/4
   406 | D:1      | Reached skill level 1 in Armour
   569 | D:1      | Reached XP level 3. HP: 29/29 MP: 5/5
  1160 | D:2      | Reached XP level 4. HP: 15/36 MP: 6/6
  1452 | D:2      | Reached skill level 4 in Axes
  2011 | D:3      | Found a faded altar of an unknown god.
  2110 | D:3      | Noticed Robin
  2140 | D:3      | Killed Robin
  2142 | D:3      | Reached XP level 5. HP: 34/41 MP: 7/7
  2287 | D:3      | Noticed Jessica
  2299 | D:3      | Killed Jessica
  2528 | D:3      | Noticed Ijyb
  2539 | D:3      | Killed Ijyb
  2639 | D:4      | Found a shimmering altar of Xom.
  2722 | D:4      | Found a sparkling altar of Nemelex Xobeh.
  2726 | D:4      | Noticed Sigmund
  2911 | D:4      | Killed Sigmund
  2911 | D:4      | Reached skill level 5 in Axes
  2911 | D:4      | Reached skill level 1 in Evocations
  2911 | D:4      | Reached XP level 6. HP: 50/50 MP: 7/9
  2982 | D:4      | Noticed Duvessa
  2982 | D:4      | Noticed Dowan
  2985 | D:4      | Noticed Blork the orc
  3006 | D:4      | Killed Duvessa
  3012 | D:4      | Killed Dowan
  3271 | D:4      | Found a sparkling altar of Nemelex Xobeh.
  3309 | D:4      | Killed Blork the orc
  3309 | D:4      | Reached XP level 7. HP: 43/56 MP: 11/11
  3390 | D:4      | Noticed Menkaure
  3396 | D:4      | Killed Menkaure
  3449 | D:4      | Reached skill level 6 in Axes
  3773 | D:5      | Entered Level 5 of the Dungeon
  3811 | D:4      | HP: 2/57 [poisoned by a water moccasin]
  3816 | D:4      | HP: 2/57 [poisoned by a water moccasin]
  3823 | D:4      | HP: 1/57 [poisoned by a water moccasin]
  4124 | D:5      | HP: 2/57 [poisoned by a worker ant]
  4132 | D:5      | HP: 2/57 [poisoned by a worker ant]
  4389 | D:5      | Found a bloodstained altar of Trog.
  4403 | D:5      | Reached XP level 8. HP: 44/63 MP: 12/12
  4708 | D:5      | Got a fine glass ring
  4713 | D:5      | Identified the ring "Fosiusiek" {Wiz rC++ rN+} (You found
                  | it on level 5 of the Dungeon)
  4795 | D:5      | Found a staircase to the Ecumenical Temple.
  4818 | D:5      | Found an opulent altar of Gozag.
  5518 | D:6      | Reached skill level 7 in Axes
  5524 | D:6      | Found a shimmering altar of Xom.
  5565 | D:6      | Found a blossoming altar of Fedhas.
  5765 | D:7      | Found a runed translucent door.
  5766 | D:7      | Noticed Crazy Yiuf
  5854 | D:7      | Reached skill level 5 in Armour
  6259 | D:7      | Found an ornate altar of the Wu Jian Council.
  6502 | D:7      | Reached XP level 9. HP: 42/71 MP: 13/15
  6614 | D:7      | Killed Crazy Yiuf
  6614 | D:7      | Reached skill level 8 in Axes
  7090 | D:8      | Found an iron altar of Okawaru.
  7399 | D:8      | Found a stormy altar of Qazlal.
  7766 | D:9      | Reached skill level 9 in Axes
  7919 | D:9      | Found a runed translucent door.
  7920 | D:9      | Noticed an ice dragon
  7922 | D:9      | Noticed a fire dragon
  7923 | D:9      | Noticed an ice dragon
  7924 | D:9      | Noticed a fire dragon
  7925 | D:9      | Found the +2 shield of Resistance {rF+ rC+ MR+}
  7929 | D:9      | Found a runed translucent door.
  7932 | D:9      | Noticed a two-headed ogre
  7942 | D:9      | Killed a two-headed ogre
  7942 | D:9      | Reached skill level 5 in Evocations
  7945 | D:9      | Reached skill level 5 in Fighting
  8090 | D:9      | Found a glowing golden altar of the Shining One.
  8274 | D:10     | Entered Level 10 of the Dungeon
  8285 | D:10     | Reached XP level 10. HP: 74/81 MP: 17/17
  8289 | D:10     | Noticed a two-headed ogre
  8303 | D:10     | Killed a two-headed ogre
  8758 | D:10     | Reached skill level 10 in Axes
  8762 | D:10     | Reached skill level 5 in Dodging
  9283 | D:10     | Found Estoym's Antique Armour Boutique.
  9291 | D:10     | Bought a shiny ring mail for 168 gold pieces
  9439 | D:10     | Found a staircase to the Orcish Mines.
  9448 | D:10     | Noticed Fannar
  9469 | D:10     | Killed Fannar
  9764 | D:10     | Noticed Josephine
  9777 | D:10     | Killed Josephine
  9824 | D:10     | Reached XP level 11. HP: 67/89 MP: 19/19
 10036 | D:11     | Reached skill level 11 in Axes
 10343 | Orc:1    | Entered Level 1 of the Orcish Mines
 10354 | Orc:1    | HP: 3/89 [orc warrior/+0 long sword (14)]
 10722 | Orc:1    | Found a flagged portal.
 10724 | Orc:1    | You fall through a shaft!
 10724 | Orc:2    | Entered Level 2 of the Orcish Mines
 10740 | Orc:2    | HP: 2/89 [orc warrior/+0 trident (16)]
 11053 | Orc:2    | HP: 4/89 [poisoned by an orc wizard]
 11054 | Orc:2    | Demolished by an orc warrior

Skill      XL: |  1  2  3  4  5  6  7  8  9 10 11 |
---------------+----------------------------------+-----
Axes           | 3 4 5 6 7 9 10 11 | 11.2
Dodging        | 3 4 5 |  5.3
Armour         | 1 2 3 4 5 6 7 |  7.3
Fighting       | 2 3 4 5 6 |  6.2
Evocations     | 1 2 3 5 6 |  6.4
Throwing       | |  1.7

Action                   |  1- 3 |  4- 6 |  7- 9 | 10-12 || total
-------------------------+-------+-------+-------+-------++-------
Melee: War axe           |   101 |   175 |   256 |       ||   532
       Battleaxe         |       |       |   157 |   349 ||   506
Throw: Throwing net      |       |       |     7 |       ||     7
Evoke: Wand              |       |     6 |     6 |    12 ||    24
  Use: Scroll            |     2 |     3 |     6 |     5 ||    16
       Potion            |       |     4 |     5 |     5 ||    14
 Stab: Sleeping          |     2 |     1 |     1 |       ||     4
       Confused          |       |     2 |       |       ||     2
       Distracted        |       |     1 |       |       ||     1
       Held in net/web   |       |       |     3 |       ||     3
  Eat: Chunk             |       |     8 |    16 |     9 ||    33
Armor: Leather armour    |    33 |     4 |       |       ||    37
       Ring mail         |       |    57 |   205 |   137 ||   399
Dodge: Dodged            |    81 |   134 |   309 |   284 ||   808
